 Dungeon Crawl Stone Soup version 0.29-a0-914-g906f1d757c (webtiles) character file.

Game seed: 7417216025697994937

731 Aviak the Magician (level 8, -3/58 HPs)
             Began as a Djinni Conjurer on July 26, 2022.
             Shot with an arrow by a centaur (11 damage)
             ... on level 5 of the Dungeon.
             The game lasted 00:09:04 (5512 turns).

Aviak the Magician (Djinni Conjurer)                Turns: 5512, Time: 00:09:05

Health: -3/58      AC:  4    Str:  6    XL:     8   Next: 3%
Gold:   283        EV: 11    Int: 22    God:
                   SH:  5    Dex: 12

rFire   + + .      SeeInvis .   u - +1 dagger (venom)
rCold   x . .      Faith    .   (no shield)
rNeg    . . .      Spirit   .   e - +0 leather armour
rPois   ∞          Reflect  +   (no helmet)
rElec   .          Harm     .   (no cloak)
rCorr   .          Rampage  .   n - +0 pair of gloves
Will    .....                   (boots unavailable)
Stlth   +.........              s - amulet of reflection
HPRegen 0.19/turn               (no ring)
MPRegen 0.00/turn               (no ring)

@: mighty, flying
A: sickness immunity, fire resistance 2, cold vulnerability 1, float, innate
caster, HP casting, extra vitality 1
a: no special abilities


You were on level 5 of the Dungeon.
You visited 1 branch of the dungeon, and saw 5 of its levels.

You collected 283 gold pieces.

Inventory:

Hand Weapons
 f - a +0 spear
 u - a +1 dagger of venom (weapon)
Armour
 a - a +0 robe
 e - a +0 leather armour (worn)
 n - a +0 pair of gloves (worn)
Magical Staves
 i - a staff of earth
Jewellery
 b - an amulet of faith {!P}
 s - an amulet of reflection (around neck)
Wands
 p - a wand of flame (17)
Scrolls
 h - 2 scrolls of identify {unknown}
 j - 2 scrolls of butterflies {unknown}
 k - a scroll of enchant armour {unknown}
 r - a scroll of amnesia {unknown}
 v - a scroll of poison {unknown}
Potions
 c - 2 potions of curing
 d - a potion of might
 g - a potion of flight
 l - 2 potions of cancellation {unknown}
 m - a potion of attraction {unknown}
 o - a potion of haste {unknown}
 q - 2 potions of brilliance {unknown}
 t - a potion of berserk rage {unknown}


   Skills:
 + Level 4.5 Fighting
 - Level 2.1 Dodging
 - Level 1.5 Stealth
 * Level 6.1 Spellcasting


You couldn't memorise any spells.
You knew the following spells:

 Your Spells              Type           Power      Damage    Failure   Level
a - Magic Dart            Conj           100%       1d8       1%          1
b - Searing Ray           Conj           68%        2d6       1%          2
c - Dazzling Flash        Conj/Hex       68%        N/A       3%          3
d - Fulminant Prism       Conj/Hex       17%        3d11      11%         4
e - Iskenderun's Mystic   Conj/Tloc      34%        2d8       11%         4
f - Freeze                Ice            100%       1d11      1%          1
g - Call Imp              Summ           34%        N/A       1%          2
h - Tukima's Dance        Hex            34%        N/A       3%          3
Your spell library was empty.

Dungeon Overview and Level Annotations

Branches:
Dungeon (5/15) Zot: 24457
 Temple: D:4-7

Altars:
Ashenzari
Uskayaw

Annotations:
D:3 Robin
D:4 3 runed translucent doors, inmateoo's ghost, amateur OpTm; wilfster70's ghost, amateur DjCj


Innate Abilities, Weirdness & Mutations

You are immune to sickness and miasma.
You are immune to poison.
Your flesh is very heat resistant. (rF++)
You are vulnerable to cold. (rC-)
You float through the air rather than walking.
You learn spells naturally, not from books.
Your magical power is your life essence.
You have superior vitality. (+4 MHP)


Message History

A beastly little devil appears in a puff of frigid air.
The centaur wields a +0 shortbow.
The centaur shoots an arrow.
The arrow hits you.
Casting: Call Imp (safe; 1% risk of failure)
Confirm with . or Enter, or press ? or * to list all spells.
Aiming: Fulminant Prism (dangerous; 11% risk of failure)
Press: ? - help, Dir - move target, f - you
Okay, then.
The centaur shoots an arrow.
The arrow hits you!
Your white imp gestures at the centaur.
The puff of frost hits the centaur!
Things that are here:
a +0 flail; a +0 chain mail; an orc corpse The centaur shoots an arrow.
The arrow hits your white imp!
Your white imp dies!
Your white imp disappears in a puff of smoke!
Casting: Fulminant Prism (dangerous; 11% risk of failure)
Confirm with . or Enter, or press ? or * to list all spells.
Aiming: Tukima's Dance (dangerous; 3% risk of failure)
Press: ? - help, Shift-Dir - straight line, f - centaur
Aim: a centaur, wielding a +0 shortbow (heavily wounded, unaware, hasn't noticed you, chance to affect: 62%)
The centaur shouts!
The centaur resists with significant effort.
The centaur shoots an arrow.
The arrow hits you!
* * * LOW HITPOINT WARNING * * *
The centaur shoots an arrow.
The arrow hits you!
* * * LOW HITPOINT WARNING * * *
Casting: Tukima's Dance (dangerous; 3% risk of failure)
Confirm with . or Enter, or press ? or * to list all spells.
You don't have enough health to cast this spell.
It was a potion of might.
You feel very mighty all of a sudden.
The centaur shoots an arrow.
The arrow barely misses you.
It was a potion of flight.
You feel more buoyant.
The centaur shoots an arrow.
The arrow closely misses you.
It was a potion of curing.
You feel better.
c - 2 potions of curing;
j - 2 scrolls labelled TUCZUL BOMAD The centaur shoots an arrow.
The arrow hits you!
You die...

..........# #.# #########.#
#)# #.# #.# #.# #)# ###'##
#)# ###....# #.# #......#
####### #.# # #......#
#..§..# ####'#.#
#......#####@.§.c####......##
#..(...†...')....'..'........
###....#####.....####........
###+## #.....# ####+####
#######


You could see a centaur.

Vanquished Creatures
  An orc warrior (D:5)
  A necrophage (D:4)
  A scorpion (D:4)
  A howler monkey (D:4)
  2 hounds (D:4)
  An orc priest (D:4)
  An iguana (D:4)
  Ijyb (D:3)
  Natasha (thrice) (D:2)
  2 orc wizards
  6 adders
  An ufetubus (D:4)
  3 dart slugs
  10 orcs
  6 bats
  7 endoplasms
  5 giant cockroaches
  10 hobgoblins
  2 jackals (D:2)
  9 kobolds
  2 quokkas
  5 ball pythons
  7 frilled lizards
  10 goblins
  7 rats
104 creatures vanquished.

Vanquished Creatures (collateral kills)
  A necrophage (D:4)
  An orc (D:4)
2 creatures vanquished.

Vanquished Creatures (others)
  2 fulminant prisms (D:5)
2 creatures vanquished.

Grand Total: 108 creatures vanquished

Notes
Turn   | Place    | Note
-------+----------+-------------------------------------------
     0 | D:1      | Aviak the Djinni Conjurer began the quest for the Orb.
     0 | D:1      | Aviak set off with the following spells memorised: Magic
                  | Dart, Searing Ray, Dazzling Flash, Fulminant Prism,
                  | Iskenderun's Mystic Blast.
     0 | D:1      | Reached XP level 1. HP: 15/15 MP: 0/0
   117 | D:1      | Found a faded altar of an unknown god.
   264 | D:1      | Reached XP level 2. HP: 20/22 MP: 0/0
   666 | D:1      | Reached skill level 1 in Fighting
  1058 | D:1      | Reached XP level 3. HP: 11/27 MP: 0/0
  1058 | D:1      | Learned a level 1 spell: Freeze
  1322 | D:2      | Reached XP level 4. HP: 16/32 MP: 0/0
  1520 | D:2      | Reached skill level 4 in Spellcasting
  1653 | D:2      | Noticed Natasha
  1662 | D:2      | Killed Natasha
  1691 | D:2      | Noticed Natasha
  1695 | D:2      | Killed Natasha
  1696 | D:2      | Reached XP level 5. HP: 18/38 MP: 0/0
  1696 | D:2      | Learned a level 2 spell: Call Imp
  1816 | D:2      | Noticed Natasha
  1825 | D:2      | Killed Natasha
  2309 | D:2      | Identified the +2 whip of Chaos {flame, Will++ rCorr Int-2
                  | Dex+4}
  2764 | D:3      | Noticed Ijyb
  2776 | D:3      | Killed Ijyb
  2777 | D:3      | Reached XP level 6. HP: 26/45 MP: 0/0
  3324 | D:3      | Noticed Robin
  3713 | D:3      | Reached skill level 5 in Spellcasting
  3982 | D:4      | HP: 1/46 [orc priest/nerve-wracking pain (8)]
  4296 | D:4      | Reached XP level 7. HP: 28/50 MP: 0/0
  4296 | D:4      | Learned a level 3 spell: Tukima's Dance
  5009 | D:4      | Found a broken altar of Ashenzari.
  5010 | D:4      | Found a hide-covered altar of Uskayaw.
  5263 | D:4      | Found a runed translucent gate.
  5264 | D:4      | Found a runed translucent gate.
  5264 | D:4      | Found a runed translucent gate.
  5265 | D:4      | Noticed wilfster70's ghost (amateur DjCj)
  5266 | D:4      | Noticed inmateoo's ghost (amateur OpTm)
  5408 | D:5      | Entered Level 5 of the Dungeon
  5478 | D:5      | Reached skill level 6 in Spellcasting
  5498 | D:5      | Reached XP level 8. HP: 42/58 MP: 0/0
  5509 | D:5      | HP: 2/58 [centaur/arrow (15)]
  5512 | D:5      | Shot with an arrow by a centaur

Illustrated notes

Levels and vault maps discovered:
D:1:      dpeg_arrival_long_road, layout_basic, basic_ecumenical_altar,
          serial_corexii_hall, corexii_hall_statues_deadend,
          chequers_hall_statues_corner_a, minmay_misc_feat_rows,
          grunt_decor_junction
D:2:      layout_rooms, uniq_natasha
D:3:      layout_basic, uniq_robin, uniq_ijyb
D:4:      layout_basic, nicolae_overflow_squiral, gammafunk_ghost_cemetery,
          corexii_leaking_fountain
D:5:      layout_basic, nicolae_overflow_hidden_temple,
          minmay_temple_entry_butterflies

Skill      XL: |  1  2  3  4  5  6  7 |
---------------+----------------------+-----
Fighting       | 1 2 3 4 |  4.5
Spellcasting   | 4 5 6 |  6.1
Dodging        | |  2.1
Stealth        | |  1.5

Action                   |  1- 3 |  4- 6 |  7- 9 || total
-------------------------+-------+-------+-------++-------
Melee: Spear             |    39 |       |       ||    39
       Staff             |     7 |   104 |     8 ||   119
       Dagger            |       |       |    13 ||    13
 Cast: Magic Dart        |    14 |     4 |       ||    18
       Searing Ray       |     4 |    30 |    13 ||    47
       Freeze            |     2 |       |       ||     2
       Dazzling Flash    |       |     3 |       ||     3
       Call Imp          |       |       |     7 ||     7
       Fulminant Prism   |       |       |     2 ||     2
       Tukima's Dance    |       |       |     1 ||     1
Evoke: Wand              |       |     1 |       ||     1
  Use: Potion            |       |       |     3 ||     3
 Stab: Sleeping          |     3 |       |       ||     3
       Distracted        |     1 |       |       ||     1
Armor: Leather armour    |    15 |    57 |    10 ||    82
Dodge: Dodged            |    37 |   138 |    18 ||   193
Block: Other             |       |     1 |     8 ||     9

Table legend: (Time is in decaauts)
 A = Elapsed time spent in this place.
 B = Non-inter-level travel time spent in this place.
 C = Inter-level travel time spent in this place.
 D = Time resting spent in this place.
 E = Time spent auto-exploring this place.
 F = Levels seen in this place.
 G = Mean time per level.
                   A        B        C        D        E       F      G
               +--------+--------+--------+--------+--------+-----+--------+
         Total |   5541 |   5412 |    129 |    786 |   3832 |   5 | 1108.2 |
       Dungeon |   5541 |   5412 |    129 |    786 |   3832 |   5 | 1108.2 |
               +--------+--------+--------+--------+--------+-----+--------+

Top non-repeatable levels by time:
     D:2: 1662 daAuts
     D:3: 1384 daAuts
     D:1: 1221 daAuts
     D:4: 1169 daAuts
     D:5: 103 daAuts
